[ AOE2 MATCH · #505116492 ]
UnrankedSpanish vs Persians
Player's team · LOSS
Rival team · WIN
[ REPLAY ANALYSIS · EXTRACTED FROM THE RECORDED GAME ]
Feudal
10:41
Castle
17:34
Imperial
—
| APM avg | 62.4 |
| APM peak | 105 |
| eAPM avg | 26.1 |
| Villagers / military | 87 / 59 |
Focus
⚔️ 37.4% · 🌾 62.6%
Conquistador ×39 · Mangonel ×16 · Scorpion ×4
Feudal
11:21
Castle
19:10
Imperial
—
| APM avg | 54.6 |
| APM peak | 99 |
| eAPM avg | 24.0 |
| Villagers / military | 152 / 94 |
Focus
⚔️ 36.1% · 🌾 63.9%
Knight ×48 · Archer ×31 · Mangonel ×7 · Militia ×6 · Skirmisher ×1 · War Elephant ×1
Match map
Initial resources + every placement click. Lines = walls · curves = elevation contours. ◆ gold · ⬟ stone · ● berries · ✦ relic · ◌ wall gap
Your base· Open — unwalled flank
Sir Poopsalot's base· ✓ Closed at 19:10 · 67t walls · no gate
Smoothed initial terrain · ◌ = detected wall gap · hover for details
Inputs per minute
— NHN Forever - - Sir Poopsalot
Build order — NHN Forever
First 150 of 220 actions detected
| 0:08 | Queue | Villager (Male) |
| 0:08 | Queue | Villager (Male) |
| 0:09 | Queue | Villager (Male) |
| 0:09 | Queue | Villager (Male) |
| 0:10 | Build | House |
| 0:12 | Build | House |
| 1:35 | Queue | Villager (Male) |
| 1:35 | Queue | Villager (Male) |
| 2:02 | Build | Lumber Camp |
| 2:04 | Queue | Villager (Male) |
| 2:18 | Queue | Villager (Male) |
| 2:50 | Queue | Villager (Male) |
| 2:51 | Queue | Villager (Male) |
| 3:06 | Queue | Villager (Male) |
| 3:06 | Queue | Villager (Male) |
| 3:37 | Queue | Villager (Male) |
| 3:38 | Queue | Villager (Male) |
| 4:11 | Queue | Villager (Male) |
| 4:11 | Queue | Villager (Male) |
| 4:44 | Queue | Villager (Male) |
| 4:47 | Build | House |
| 5:05 | Queue | Villager (Male) |
| 5:05 | Queue | Villager (Male) |
| 5:10 | Build | Mill |
| 5:37 | Queue | Villager (Male) |
| 5:37 | Queue | Villager (Male) |
| 5:38 | Queue | Villager (Male) |
| 6:02 | Queue | Villager (Male) |
| 6:03 | Queue | Villager (Male) |
| 6:03 | Queue | Villager (Male) |
| 6:16 | Queue | Villager (Male) |
| 6:16 | Queue | Villager (Male) |
| 6:35 | Build | House |
| 7:03 | Build | Mining Camp |
| 7:21 | Queue | Villager (Male) |
| 7:45 | Build | Palisade Wall |
| 7:53 | Build | Palisade Wall |
| 8:14 | Build | Palisade Wall |
| 8:21 | Build | Palisade Wall |
| 8:31 | Research | Feudal Age |
| 9:25 | Queue | Villager (Male) |
| 10:30 | Build | Palisade Wall |
| 10:33 | Build | Palisade Wall |
| 10:41 | Age | Feudal Age |
| 10:46 | Build | Watch Tower |
| 10:50 | Build | Palisade Wall |
| 11:00 | Build | House |
| 11:05 | Build | Farm |
| 11:05 | Build | Farm |
| 11:10 | Build | Market |
| 11:24 | Queue | Villager (Male) |
| 11:54 | Queue | Villager (Male) |
| 12:00 | Build | Watch Tower |
| 12:12 | Build | Watch Tower |
| 12:20 | Build | Farm |
| 12:24 | Queue | Villager (Male) |
| 12:25 | Queue | Villager (Male) |
| 12:46 | Build | Farm |
| 12:54 | Build | Farm |
| 12:59 | Research | Loom |
| 13:40 | Build | Blacksmith |
| 13:53 | Build | Outpost |
| 14:06 | Build | Farm |
| 14:14 | Queue | Villager (Male) |
| 14:47 | Build | House |
| 14:54 | Research | Castle Age |
| 16:33 | Research | Stone Mining |
| 17:26 | Research | Padded Archer Armor |
| 17:34 | Age | Castle Age |
| 17:35 | Queue | Villager (Male) |
| 17:54 | Queue | Villager (Male) |
| 18:01 | Build | Castle |
| 18:26 | Queue | Villager (Male) |
| 18:33 | Build | Mining Camp |
| 18:55 | Queue | Conquistador |
| 19:06 | Build | Farm |
| 19:11 | Build | Farm |
| 19:21 | Queue | Conquistador |
| 19:21 | Queue | Conquistador |
| 19:39 | Queue | Villager (Male) |
| 19:46 | Queue | Conquistador |
| 19:58 | Build | Siege Workshop |
| 20:02 | Queue | Conquistador |
| 20:02 | Queue | Conquistador |
| 20:31 | Queue | Villager (Male) |
| 20:35 | Queue | Mangonel |
| 20:35 | Queue | Mangonel |
| 20:44 | Queue | Conquistador |
| 20:45 | Queue | Conquistador |
| 21:35 | Queue | Conquistador |
| 21:36 | Queue | Conquistador |
| 21:36 | Queue | Conquistador |
| 22:01 | Research | Leather Archer Armor |
| 22:03 | Queue | Mangonel |
| 22:04 | Queue | Mangonel |
| 22:40 | Queue | Conquistador |
| 22:41 | Queue | Conquistador |
| 23:30 | Queue | Villager (Male) |
| 23:30 | Queue | Villager (Male) |
| 23:31 | Queue | Villager (Male) |
| 23:36 | Build | Siege Workshop |
| 24:20 | Queue | Villager (Male) |
| 24:54 | Queue | Villager (Male) |
| 24:58 | Queue | Scorpion |
| 25:18 | Queue | Villager (Male) |
| 25:18 | Queue | Villager (Male) |
| 25:51 | Queue | Villager (Male) |
| 25:51 | Queue | Villager (Male) |
| 25:55 | Build | Mining Camp |
| 26:11 | Queue | Villager (Male) |
| 26:13 | Queue | Scorpion |
| 26:31 | Queue | Mangonel |
| 26:31 | Queue | Mangonel |
| 26:35 | Build | Outpost |
| 26:38 | Queue | Conquistador |
| 26:38 | Queue | Conquistador |
| 26:42 | Queue | Villager (Male) |
| 27:02 | Queue | Villager (Male) |
| 27:06 | Build | Farm |
| 27:40 | Build | Outpost |
| 27:41 | Queue | Villager (Male) |
| 27:42 | Queue | Villager (Male) |
| 28:26 | Queue | Mangonel |
| 28:26 | Queue | Mangonel |
| 28:27 | Queue | Mangonel |
| 28:49 | Queue | Villager (Male) |
| 28:50 | Queue | Villager (Male) |
| 28:58 | Build | Lumber Camp |
| 29:09 | Queue | Conquistador |
| 29:09 | Queue | Conquistador |
| 29:28 | Queue | Conquistador |
| 29:28 | Queue | Conquistador |
| 30:35 | Queue | Mangonel |
| 30:35 | Queue | Mangonel |
| 30:36 | Queue | Mangonel |
| 30:53 | Queue | Villager (Male) |
| 30:54 | Queue | Villager (Male) |
| 30:54 | Queue | Villager (Male) |
| 31:10 | Queue | Mangonel |
| 31:10 | Queue | Mangonel |
| 31:14 | Queue | Villager (Male) |
| 32:14 | Queue | Mangonel |
| 32:14 | Queue | Mangonel |
| 32:39 | Queue | Villager (Male) |
| 32:40 | Queue | Villager (Male) |
| 32:49 | Build | Lumber Camp |
| 32:55 | Queue | Villager (Male) |
| 32:55 | Queue | Villager (Male) |
| 33:13 | Queue | Conquistador |
| 33:13 | Queue | Conquistador |
Build order — Sir Poopsalot
First 150 of 411 actions detected
| 0:00 | Queue | Villager (Male) ×5 |
| 0:02 | Build | House |
| 0:02 | Build | House |
| 1:27 | Build | Lumber Camp |
| 1:34 | Queue | Villager (Male) |
| 2:06 | Queue | Villager (Male) |
| 2:37 | Queue | Villager (Male) |
| 3:00 | Queue | Villager (Male) |
| 3:04 | Queue | Villager (Male) |
| 3:39 | Build | House |
| 3:50 | Queue | Villager (Male) |
| 4:00 | Build | Barracks |
| 4:12 | Build | House |
| 4:17 | Queue | Villager (Male) |
| 4:18 | Queue | Villager (Male) |
| 4:57 | Build | Palisade Wall |
| 4:58 | Build | Palisade Wall |
| 5:00 | Build | Palisade Wall |
| 5:02 | Queue | Villager (Male) |
| 5:13 | Queue | Militia |
| 5:14 | Queue | Militia |
| 5:27 | Queue | Villager (Male) |
| 5:36 | Build | Mining Camp |
| 5:47 | Queue | Militia |
| 5:49 | Build | House |
| 5:51 | Queue | Villager (Male) |
| 5:57 | Queue | Villager (Male) |
| 6:10 | Queue | Militia |
| 6:26 | Queue | Villager (Male) |
| 6:26 | Queue | Militia |
| 6:46 | Build | Mill |
| 6:58 | Queue | Villager (Male) |
| 7:18 | Queue | Villager (Male) |
| 7:45 | Research | Loom |
| 7:58 | Build | Mill |
| 8:13 | Queue | Villager (Male) |
| 8:28 | Build | House |
| 8:46 | Queue | Villager (Male) |
| 9:17 | Research | Feudal Age |
| 9:28 | Build | Farm |
| 9:29 | Build | Farm |
| 9:34 | Build | Farm |
| 10:01 | Build | Farm |
| 10:16 | Queue | Villager (Male) |
| 10:20 | Queue | Militia |
| 11:21 | Age | Feudal Age |
| 11:24 | Research | Man-at-Arms (upgrade) |
| 11:28 | Build | Archery Range |
| 11:35 | Research | Double-Bit Axe |
| 11:37 | Queue | Villager (Male) |
| 11:45 | Build | House |
| 11:54 | Build | Farm |
| 11:56 | Build | Farm |
| 11:57 | Queue | Villager (Male) |
| 12:01 | Research | Arson |
| 12:09 | Build | Farm |
| 12:16 | Queue | Villager (Male) |
| 12:17 | Build | Palisade Wall |
| 12:25 | Queue | Villager (Male) |
| 12:35 | Build | Palisade Wall |
| 12:37 | Build | Palisade Wall |
| 12:54 | Queue | Skirmisher |
| 12:57 | Queue | Archer |
| 12:59 | Build | Farm |
| 13:12 | Queue | Villager (Male) |
| 13:14 | Build | Farm |
| 13:18 | Build | House |
| 13:18 | Build | Palisade Wall |
| 13:27 | Build | House |
| 13:31 | Build | Stone Wall |
| 13:31 | Build | Stone Wall |
| 13:32 | Build | Stone Wall |
| 13:39 | Build | Stone Wall |
| 13:40 | Queue | Villager (Male) |
| 13:46 | Build | Stone Wall |
| 13:56 | Build | Farm |
| 14:00 | Queue | Villager (Male) |
| 14:07 | Build | House |
| 14:13 | Build | Stone Wall |
| 14:18 | Queue | Villager (Male) |
| 14:24 | Build | Mining Camp |
| 14:28 | Build | Mining Camp |
| 14:38 | Build | Stone Wall |
| 14:40 | Build | Stone Wall |
| 14:41 | Queue | Villager (Male) |
| 14:45 | Queue | Villager (Male) |
| 14:50 | Build | Stone Wall |
| 14:54 | Build | Farm |
| 15:14 | Build | Farm |
| 15:19 | Queue | Villager (Male) |
| 15:22 | Build | Stone Wall |
| 15:37 | Build | Market |
| 16:00 | Queue | Villager (Male) |
| 16:34 | Build | Lumber Camp |
| 16:44 | Research | Castle Age |
| 17:13 | Build | Archery Range |
| 17:24 | Research | Horse Collar |
| 17:59 | Build | Stone Wall |
| 18:02 | Queue | Archer |
| 18:08 | Build | Blacksmith |
| 18:18 | Queue | Archer |
| 18:21 | Build | Stone Wall |
| 18:27 | Queue | Villager (Male) |
| 18:29 | Queue | Archer |
| 18:32 | Queue | Archer |
| 18:55 | Research | Fletching |
| 18:58 | Queue | Archer |
| 19:00 | Build | Stone Wall |
| 19:01 | Build | Stone Wall |
| 19:10 | Age | Castle Age |
| 19:12 | Research | Crossbowman (upgrade) |
| 19:19 | Build | Stone Wall |
| 19:23 | Queue | Villager (Male) |
| 19:25 | Research | Bow Saw |
| 19:36 | Research | Bodkin Arrow |
| 19:46 | Queue | Villager (Male) |
| 19:52 | Build | University |
| 19:54 | Queue | Villager (Male) |
| 20:03 | Queue | Archer |
| 20:21 | Queue | Archer |
| 20:27 | Queue | Villager (Male) |
| 20:44 | Queue | Archer |
| 20:57 | Research | Ballistics |
| 21:12 | Queue | Villager (Male) |
| 21:16 | Build | Siege Workshop |
| 21:17 | Queue | Villager (Male) |
| 21:29 | Queue | Archer |
| 21:31 | Build | House |
| 21:40 | Queue | Villager (Male) |
| 21:41 | Queue | Archer |
| 21:51 | Build | Mining Camp |
| 22:05 | Queue | Mangonel |
| 22:05 | Queue | Mangonel |
| 22:07 | Build | House |
| 22:09 | Queue | Villager (Male) |
| 22:15 | Queue | Villager (Male) |
| 22:17 | Queue | Archer |
| 22:55 | Queue | Archer |
| 22:59 | Queue | Villager (Male) |
| 23:05 | Queue | Villager (Male) |
| 23:13 | Queue | Mangonel |
| 23:25 | Queue | Archer |
| 23:42 | Queue | Villager (Male) |
| 24:09 | Queue | Archer |
| 24:13 | Queue | Villager (Male) |
| 24:18 | Queue | Villager (Male) |
| 24:20 | Build | Town Center |
| 24:25 | Queue | Mangonel |
| 24:28 | Build | House |
| 24:29 | Build | House |
Match timeline
| 4:00 | Sir Poopsalot · first_building Barracks |
| 4:57 | Sir Poopsalot · wall_segment Palisade Wall x1 |
| 4:58 | Sir Poopsalot · wall_segment Palisade Wall x1 |
| 5:00 | Sir Poopsalot · wall_segment Palisade Wall x1 |
| 7:45 | NHN Forever · wall_segment Palisade Wall x1 |
| 7:53 | NHN Forever · wall_segment Palisade Wall x6 |
| 8:14 | NHN Forever · wall_segment Palisade Wall x1 |
| 8:21 | NHN Forever · wall_segment Palisade Wall x1 |
| 10:30 | NHN Forever · wall_segment Palisade Wall x1 |
| 10:33 | NHN Forever · wall_segment Palisade Wall x1 |
| 10:41 | NHN Forever · age_up feudal |
| 10:50 | NHN Forever · wall_segment Palisade Wall x1 |
| 11:21 | Sir Poopsalot · age_up feudal |
| 11:28 | Sir Poopsalot · first_building Archery Range |
| 12:17 | Sir Poopsalot · wall_segment Palisade Wall x3 |
| 12:35 | Sir Poopsalot · wall_segment Palisade Wall x1 |
| 12:37 | Sir Poopsalot · wall_segment Palisade Wall x3 |
| 13:18 | Sir Poopsalot · wall_segment Palisade Wall x1 |
| 13:31 | Sir Poopsalot · wall_segment Stone Wall x1 |
| 13:31 | Sir Poopsalot · wall_segment Stone Wall x1 |
| 13:32 | Sir Poopsalot · wall_segment Stone Wall x1 |
| 13:39 | Sir Poopsalot · wall_segment Stone Wall x5 |
| 13:46 | Sir Poopsalot · wall_segment Stone Wall x9 |
| 14:11 | NHN Forever · first_market_sell 100 stone |
| 14:13 | Sir Poopsalot · wall_segment Stone Wall x1 |
| 14:38 | Sir Poopsalot · wall_segment Stone Wall x13 |
| 14:40 | Sir Poopsalot · wall_segment Stone Wall x9 |
| 14:50 | Sir Poopsalot · wall_segment Stone Wall x9 |
| 15:22 | Sir Poopsalot · wall_segment Stone Wall x1 |
| 17:34 | NHN Forever · age_up castle |
| 17:59 | Sir Poopsalot · wall_segment Stone Wall x1 |
| 18:01 | NHN Forever · first_building Castle |
| 18:21 | Sir Poopsalot · wall_segment Stone Wall x8 |
| 19:00 | Sir Poopsalot · wall_segment Stone Wall x1 |
| 19:01 | Sir Poopsalot · wall_segment Stone Wall x1 |
| 19:10 | Sir Poopsalot · age_up castle |
| 19:19 | Sir Poopsalot · wall_segment Stone Wall x1 |
| 19:36 | Sir Poopsalot · first_market_buy 100 food |
| 19:58 | NHN Forever · first_building Siege Workshop |
| 21:16 | Sir Poopsalot · first_building Siege Workshop |
| 22:02 | Sir Poopsalot · first_market_sell 100 stone |
| 28:02 | NHN Forever · first_market_buy 100 wood |
| 30:33 | Sir Poopsalot · first_building Castle |
| 34:17 | Sir Poopsalot · first_building Stable |
| 40:53 | NHN Forever · first_building Barracks |
| 43:20 | NHN Forever · resign |
[ AI ANALYSIS · 1 CREDIT ]
What really happened in this match?
Wolo.gg analyzes every decision: build order, eco, micro, common mistakes by bracket. Personalized analysis on WhatsApp or Discord in 30 seconds.
Civ guide
Spanish
Perfil
NHN Forever